 Dungeon Crawl Stone Soup version 0.31-a0-233-g139696dc86 (webtiles) character file.

Game seed: 14081086680845257882

133 qw the Shooter (level 4, -3/38 HPs)
             Began as a Minotaur Hexslinger on July 7, 2023.
             Killed from afar by an orc wizard (7 damage)
             ... with a magic dart
             ... on level 3 of the Dungeon.
             The game lasted 00:00:51 (2402 turns).

qw the Shooter (Minotaur Hexslinger)                Turns: 2402, Time: 00:00:51

Health: -3/38      AC:  3    Str: 13    XL:     4   Next: 94%
Magic:  4/4        EV: 12    Int: 10    God:
Gold:   24         SH:  0    Dex: 14    Spells: 4/5 levels left

rFire   . . .        Y - +1 sling
rCold   . . .        (no shield)
rNeg    . . .        g - +0 leather armour
rPois   .            (helmet restricted)
rElec   .            (no cloak)
rCorr   .            (no gloves)
SInv    .            (no boots)
Will    .....        (no amulet)
Stlth   +            (no ring)
HPRegen 0.26/turn    (no ring)
MPRegen 0.09/turn

%: no passive effects
@: no status effects
A: horns 2, retaliatory headbutt
a: no special abilities


You were on level 3 of the Dungeon.
You visited 1 branch of the dungeon, and saw 3 of its levels.

You collected 101 gold pieces.
You spent 77 gold pieces at shops.


Innate Abilities, Weirdness & Mutations

You have a pair of horns on your head.
You reflexively headbutt those who attack you in melee.


   Skills:
 - Level 3.1 Fighting
 + Level 5.0 Ranged Weapons
 - Level 2.1 Dodging
 - Level 1.0 Spellcasting
 - Level 2.0 Hexes


You had 4 spell levels left.
You knew the following spells:

 Your Spells              Type           Power      Damage    Failure   Level
a - Slow                  Hex            16%        N/A       19%         1

Your spell library contained the following spells:

 Spells                   Type           Power      Damage    Failure   Level
 Inner Flame              Hex/Fire       2%         N/A       65%         3
 Portal Projectile        Hex/Tloc       4%         N/A       65%         3
 Cause Fear               Hex            2%         N/A       88%         4

Inventory:

Hand Weapons
 Y - a +1 sling (weapon)
Armour
 g - a +0 leather armour (worn)
Scrolls
 a - 2 scrolls of identify
Potions
 c - a potion of degeneration {unknown}
 d - a potion of ambrosia {unknown}
 f - a potion of lignification {unknown}
 h - a potion of enlightenment

Dungeon Overview and Level Annotations

Branches:
Dungeon (3/15)

Altars:
Vehumet

Shops:
D:3 *


Message History

The sling bullet barely misses the orc wizard.
The orc wizard points at you and mumbles some strange words.
You are confused.
2393 ||| DRINKING potion of curing.
You feel better.
2393 ||| (to cure confusion)
You shoot a sling bullet.
The sling bullet closely misses the orc wizard.
The orc wizard points at you and mumbles some strange words.
The magic dart hits you!
You shoot a sling bullet.
The sling bullet completely misses the orc wizard.
The orc wizard hits you with a +0 dagger.
A dart slug comes into view.
You shoot a sling bullet.
The sling bullet hits the orc wizard but does no damage.
The orc wizard hits you with a +0 dagger.
You shoot a sling bullet. The sling bullet misses the orc wizard.
The orc wizard closely misses you.
You shoot a sling bullet.
The sling bullet barely misses the orc wizard.
The orc wizard points at you and mumbles some strange words.
The puff of flame hits you!
You shoot a sling bullet. The sling bullet hits the orc wizard.
The orc wizard is moderately wounded.
The orc wizard hits you with a +0 dagger. x2
You shoot a sling bullet.
The sling bullet barely misses the orc wizard.
The orc wizard points at you and mumbles some strange words.
The magic dart hits you!
You shoot a sling bullet.
The sling bullet hits the orc wizard but does no damage.
The orc wizard is moderately wounded.
The dart slug launches a dart at you. The slug dart hits you.
The orc wizard hits you but does no damage.
You shoot a sling bullet.
The sling bullet closely misses the orc wizard.
The orc wizard points at you and mumbles some strange words.
The magic dart hits you!
You die...

## ... ##..# ...
..###...# #.###.##..#.#
# #......#.##.####### .
#.#......#.##........
#?##.#.........##)######
....w.........##).)##
.............##.....##
..)...o@....##.#...#.##
.....#.)...##.8.8.8.8.##
...........#...........#
##########.+.....(.?...'
###...........#
##.8.8.8.8.##
##.#...#.##. ##.....####
##...##.##


You could see an orc wizard and a dart slug.

Vanquished Creatures
  An orc wizard (D:3)
  2 adders
  A worm (D:2)
  4 dart slugs (D:2)
  6 orcs (D:3)
  11 bats
  10 endoplasms
  2 giant cockroaches (D:2)
  5 goblins
  3 hobgoblins
  3 jackals (D:1)
  4 ball pythons
  A frilled lizard (D:2)
  9 kobolds
  6 rats
68 creatures vanquished.

Notes
Turn   | Place    | Note
-------+----------+-------------------------------------------
     0 | D:1      | qw the Minotaur Hexslinger began the quest for the Orb.
     0 | D:1      | Reached XP level 1. HP: 16/16 MP: 1/1
     0 | D:1      | 0 ||| qw: Version: 0.3-a-46-gb1f654a
     0 | D:1      | 0 ||| qw: Game counter: 3011
     0 | D:1      | 0 ||| qw: Melee chars always use a shield: true
     0 | D:1      | 0 ||| qw: God list: Okawaru
     0 | D:1      | 0 ||| qw: Allow faded altars: false
     0 | D:1      | 0 ||| qw: Do Orc after clearing Dungeon:15 true
     0 | D:1      | 0 ||| qw: Do second Lair branch before Depths: true
     0 | D:1      | 0 ||| qw: Lair rune preference: random
     0 | D:1      | 0 ||| qw: Goals: Normal
     0 | D:1      | 0 ||| PLANNING D:1-11
    78 | D:1      | Reached skill level 3 in Ranged Weapons
    80 | D:1      | Reached XP level 2. HP: 16/23 MP: 2/2
   126 | D:1      | Found a faded altar of an unknown god.
   373 | D:1      | You fall into a shaft and drop 1 floor!
   394 | D:2      | Found a radiant altar of Vehumet.
   519 | D:2      | Reached XP level 3. HP: 29/29 MP: 3/3
   694 | D:2      | 694 ||| UPGRADING to +0 leather armour.
   704 | D:2      | 704 ||| DROPPING +0 robe.
   705 | D:2      | 705 ||| READING 2 scrolls labelled REALA WUEKKEO.
   706 | D:2      | 706 ||| READING scroll labelled GEGENT RIPNAD.
   707 | D:2      | 707 ||| READING 4 scrolls labelled SIYMOO NAQUP.
   708 | D:2      | 708 ||| DROPPING scroll of poison.
   709 | D:2      | 709 ||| DROPPING 3 scrolls of fog.
   729 | D:2      | Reached skill level 4 in Ranged Weapons
   760 | D:2      | 760 ||| STAIRDANCE
  1261 | D:1      | 1261 ||| READING scroll labelled SUT OZI IZIOGG.
  1262 | D:1      | 1262 ||| DRINKING 2 cyan potions.
  1279 | D:2      | 1279 ||| STAIRDANCE
  1399 | D:2      | Reached XP level 4. HP: 27/36 MP: 4/4
  1555 | D:2      | HP: 9/36 [poisoned by a kobold]
  1560 | D:2      | HP: 5/36 [poisoned by a kobold]
  2107 | D:2      | 2107 ||| READING scroll labelled HAXKUDISIT.
  2108 | D:2      | 2108 ||| READING scroll labelled ADGHAQ JUNIYMI.
  2109 | D:2      | 2109 ||| READING scroll labelled WIAMAOX SOIP.
  2114 | D:2      | 2114 ||| READING 2 scrolls of identify.
  2114 | D:2      | 2114 ||| IDENTIFYING metallic white potion
  2141 | D:3      | Found Unwav's General Store.
  2151 | D:3      | 2151 ||| SHOPLISTING +4 ring of protection (396 gold, have
                  | 93).
  2151 | D:3      | 2151 ||| BUYING potion of enlightenment (55 gold).
  2151 | D:3      | Bought a potion of enlightenment for 55 gold pieces
  2151 | D:3      | 2151 ||| BUYING scroll of identify (22 gold).
  2151 | D:3      | Bought a scroll of identify for 22 gold pieces
  2151 | D:3      | 2151 ||| SHOPLISTING scroll of identify (22 gold, have 16).
  2151 | D:3      | 2151 ||| SHOPLISTING scroll of teleportation (33 gold, have
                  | 16).
  2202 | D:3      | HP: 9/36 [orc/+0 flail (1)]
  2203 | D:3      | 2203 ||| DRINKING potion of heal wounds.
  2206 | D:3      | Reached skill level 5 in Ranged Weapons
  2214 | D:3      | HP: 9/37 [poisoned by an adder]
  2362 | D:3      | Reached skill level 3 in Fighting
  2393 | D:3      | 2393 ||| DRINKING potion of curing.
  2393 | D:3      | 2393 ||| (to cure confusion)
  2400 | D:3      | HP: 6/38 [orc wizard/magic dart (9)]
  2402 | D:3      | Killed from afar by an orc wizard

Levels and vault maps discovered:
D:1:      minmay_arrival_doors, layout_basic,
          ebering_ecumenical_altar_petrified, serial_curves, eino_curves_03,
          eino_curves_02
D:2:      kennysheep_six_static_rooms, layout_basic, basic_altar, st_stairs_7,
          minmay_pentomino_v4
D:3:      layout_basic, slow_altar_2, nicolae_overflow_ecumenical_swirl,
          serial_shops, shop, dk_noncrumbling_3, uniq_ijyb

Skill      XL: |  1  2  3  4 |
---------------+-------------+-----
Ranged Weapons | 3 4 5 |  5.0
Fighting       | 2 3 |  3.1
Dodging        | |  2.1
Spellcasting   | |  1.0
Hexes          | |  2.0

Action                     |  1- 3 |  4- 6 || total
---------------------------+-------+-------++-------
   Fire: Sling             |   135 |    71 ||   206
    Use: Scroll            |     4 |     4 ||     8
         Potion            |     1 |     2 ||     3
 Armour: Robe              |     7 |       ||     7
         Leather armour    |    14 |     7 ||    21
  Dodge: Dodged            |    43 |    40 ||    83

Table legend:
 A = Non-vault XP
 B = Vault XP
 C = Vault XP percentage of total XP
 D = Non-vault monster count
 E = Vault monster count
 F = Vault count percentage of total count
                 A         B        C        D         E       F
            +---------+---------+-------+---------+---------+-------
      Total |     170 |      21 |  11.0 |      57 |      11 |  16.2
            +---------+---------+-------+---------+---------+-------
        D:1 |      47 |       0 |   0.0 |      27 |       0 |   0.0
        D:2 |      54 |      21 |  28.0 |      20 |      11 |  35.5
        D:3 |      69 |       0 |   0.0 |      10 |       0 |   0.0
            +---------+---------+-------+---------+---------+-------
